 Dungeon Crawl Stone Soup version 0.22.0 (webtiles) character file.

48 Blackhawk the Skirmisher (level 4, 0/37 HPs)
             Began as a Formicid Abyssal Knight on Oct 25, 2018.
             Was a Follower of Lugonu.
             Succumbed to an adder's poison
             ... on level 2 of the Dungeon.
             The game lasted 00:02:21 (1352 turns).

Blackhawk the Skirmisher (Formicid Abyssal Knight)  Turns: 1352, Time: 00:02:22

Health: 0/37       AC:  3    Str: 18    XL:     4   Next: 0%
Magic:  6/6        EV: 17    Int: 11    God:    Lugonu [*.....]
Gold:   21         SH:  0    Dex: 15    Spells: 3/3 levels left

rFire    . . .     SeeInvis +   a - +1 mace
rCold    . . .     Gourm    .   (no shield)
rNeg     . . .     Faith    .   b - +0 leather armour
rPois    .         Spirit   .   (helmet unavailable)
rElec    .         Reflect  .   (no cloak)
rCorr    .         Harm     .   (no gloves)
MR       .....                  (no boots)
Stlth    ++........             (no amulet)
HPRegen  0.12/turn              (no ring)
MPRegen  0.10/turn              (no ring)

@: agile, lethally poisoned (0 -> -3)
A: permanent stasis, dig shafts and tunnels, four strong arms, antennae 3
a: Dig, Shaft Self, Depart the Abyss, Renounce Religion


You were on level 2 of the Dungeon.
You worshipped Lugonu.
Lugonu was aware of your devotion.
You were hungry.

You visited 1 branch of the dungeon, and saw 2 of its levels.
You visited the Abyss 1 time.

You collected 21 gold pieces.

Inventory:

Hand Weapons
 a - a +1 mace (weapon)
 i - a -3 whip
Missiles
 e - 80 stones (quivered)
Armour
 b - a +0 leather armour (worn)
Scrolls
 g - a scroll of noise {unknown}
Potions
 f - a potion of curing {unknown}
Comestibles
 c - a ration
 j - 5 chunks of flesh


   Skills:
 + Level 3.6 Fighting
 + Level 2.4 Maces & Flails
 + Level 2.7 Armour
 + Level 1.5 Dodging
 + Level 2.9 Invocations


You had 3 spell levels left.
You didn't know any spells.
Your spell library was empty.

Dungeon Overview and Level Annotations

Branches:
Dungeon (2/15)

Altars:


Innate Abilities, Weirdness & Mutations

You cannot be hasted, slowed, berserked, paralysed or teleported.
You can dig through walls and to a lower floor.
Your four strong arms can wield two-handed weapons with a shield.
You have a pair of large antennae on your head. (SInv)


Message History

You barely miss the adder.
The adder is almost dead.
The adder completely misses you. The adder bites you.
* * * LOW HITPOINT WARNING * * *
You closely miss the adder.
The adder is almost dead.
The adder bites you.
* * * LOW HITPOINT WARNING * * *
You hit the adder but do no damage.
The adder is almost dead.
The adder closely misses you. x2
You hit the adder.
The adder is almost dead.
The adder barely misses you. The adder bites you.
* * * LOW HITPOINT WARNING * * *
You are lethally poisoned!
The adder poisons you!
It was a potion of agility.
You feel agile all of a sudden.
You die...

........# ....... .....{
... #'# { #.# { { #.# #S#
### { #@######### #.# {
#.#.......######.#
#.#.#.......#.##.<
#.#...#######.....
#.#............#..
########.......##........
#............#.##.....##.
#............#.####......
#............#....#......


You could see an adder.

Vanquished Creatures
  2 adders (D:2)
  A worm (D:2)
  2 dart slugs (D:1)
  3 giant cockroaches (D:1)
  2 hobgoblins (D:1)
  2 quokkas (D:2)
  A ball python (D:2)
  3 bats
  2 frilled lizards
  5 kobolds
  3 rats
26 creatures vanquished.

Notes
Turn   | Place    | Note
-------+----------+-------------------------------------------
     0 | Abyss:1  | Blackhawk the Formicid Abyssal Knight began the quest for the Orb.
     0 | Abyss:1  | Reached XP level 1. HP: 18/18 MP: 2/2
     0 | D:1      | Escaped the Abyss
    19 | D:1      | Reached skill level 1 in Dodging
   211 | D:1      | Reached XP level 2. HP: 24/24 MP: 3/3
   252 | D:1      | Reached * piety under Lugonu
   724 | D:2      | Reached XP level 3. HP: 22/29 MP: 3/5
  1335 | D:2      | Reached XP level 4. HP: 26/37 MP: 6/6
  1351 | D:2      | HP: 1/37 [adder (1)]
  1352 | D:2      | Succumbed to an adder's poison

Skill      XL: |  1 |
---------------+----+-----
Dodging        | 1 |  1.5
Fighting       | |  3.6
Maces & Flails | |  2.4
Armour         | |  2.7
Invocations    | |  2.9

Action                   |  1- 3 |  4- 6 || total
-------------------------+-------+-------++-------
Melee: Mace              |   100 |    16 ||   116
Invok: Depart the Abyss  |     1 |       ||     1
  Use: Scroll            |     2 |       ||     2
       Potion            |       |     1 ||     1
  Eat: Chunk             |     1 |       ||     1
Armor: Leather armour    |    30 |     3 ||    33
Dodge: Dodged            |    63 |    16 ||    79
